 Dungeon Crawl Stone Soup version 0.17-a0-465-g279efb6 (webtiles) character file.

1306 DEFE the Slasher (level 8, 0/54 HPs)
             Began as a Halfling Fighter on Apr 6, 2015.
             Slain by an orc warrior
             ... wielding a cursed -1 mace
              (11 damage)
             ... on level 5 of the Dungeon.
             The game lasted 00:12:40 (6620 turns).

DEFE the Slasher (Halfling Fighter)                 Turns: 6620, Time: 00:12:41

Health: 0/54       AC: 13    Str: 18    XL:     8   Next: 88%
Magic:  8/8        EV:  9    Int:  7    God:
Gold:   259        SH:  6    Dex: 14    Spells: 0 memorised, 7 levels left

rFire  . . .     SeeInvis .     a - +1 long sword
rCold  . . .     Clarity  .     k - +0 chain mail
rNeg   . . .     SustAb   .     c - +0 buckler
rPois  .         Gourm    .     r - +0 helmet (curse)
rElec  .         Spirit   .     j - +0 cloak
rCorr  .         Warding  .     (no gloves)
rMut   .         Stasis   .     l - +0 pair of boots
MR     .....                    (no amulet)
Stlth  ..........               (no ring)
                                h - ring of wizardry

@: not resistant to hostile enchantments, extremely unstealthy
A: mutation resistance 1
a: no special abilities


You were on level 5 of the Dungeon.
You were very hungry.

You visited 1 branch of the dungeon, and saw 6 of its levels.
You also visited: Sewer.

You collected 259 gold pieces.

Inventory:

Hand weapons
 a - a +1 long sword (weapon)
 m - a +1 flail of protection
Armour
 b - a +0 scale mail
 c - a +0 buckler (worn)
 j - a +0 cloak (worn)
 k - a +0 chain mail (worn)
 l - a +0 pair of boots (worn)
 r - a cursed +0 helmet (worn)
Jewellery
 h - a ring of wizardry (left hand)
 u - an uncursed ring of protection from magic {unknown}
Magical devices
 p - a wand of fireball (0)
 s - a wand of invisibility (0)
Scrolls
 e - a scroll of fog
 f - a scroll of recharging
 g - a scroll of identify
 n - 3 scrolls of blinking
 o - 4 scrolls of teleportation
Potions
 q - a potion of lignification
 w - a potion of curing
Comestibles
 d - 7 bread rations
 i - 3 fruits
 t - a meat ration


   Skills:
 + Level 4.9 Fighting
 * Level 6.6 Long Blades
 + Level 5.7 Armour
 + Level 6.2 Shields


You had 7 spell levels left.
You didn't know any spells.

Dungeon Overview and Level Annotations

Branches:
Dungeon (6/15)
 Temple: D:4-7

Altars:
Cheibriados
Gozag
Kikubaaqudgha
Makhleb
Nemelex Xobeh
Sif Muna

Annotations:
D:6 hornqvist's ghost, experienced OgBe


Innate Abilities, Weirdness & Mutations

You are small and have problems with some larger weapons.
You are somewhat resistant to further mutation.


Message History

The orc warrior is moderately wounded.
The orc warrior barely misses you.
You hit the orc warrior but do no damage.
The orc warrior is moderately wounded.
You block the orc's attack. The orc warrior hits you with a mace.
You slash the orc warrior!
The orc warrior is almost dead.
The orc barely misses you. The orc warrior barely misses you.
The orc barely misses you.
You are feeling very hungry.
You closely miss the orc warrior.
The orc warrior is almost dead.
The crimson imp blinks!
The orc warrior hits you with a mace!
* * * LOW HITPOINT WARNING * * *
You block the orc's attack.
You are too injured to fight recklessly!
You closely miss the orc warrior.
The orc warrior is severely wounded.
The orc warrior hits you with a mace!
You die...

#................##((..########
#.......<........####..# ####
###....(.........## #..## ##...
#.........#.....## ##..###..##
#....###>.#.##### ##...#.##
#............## ##....#
#...####..#>)5### #.##.## #####
#..###§oo# #.#...## #...####@##
#.#.#... #.#.# #..# ##...##..
######)#.# ##.# #...###..
#...)..#.## #(# #..## #..
#......#..# #.## ###..# ###
#......##.# #..# #..[##
#.<.)..##.#####.####.#.#
#.......#...# #.##..P..#
#........##.###.P..P..P##


You could see an orc warrior, a crimson imp and an orc.

Vanquished Creatures
  A sky beast (D:4)
  An ice beast (D:5)
  A phantom (D:5)
  2 centaurs (D:5)
  3 ogres
  A water moccasin zombie (D:3)
  A crimson imp (D:5)
  2 orc priests
  A goliath beetle (D:5)
  A giant frog skeleton (D:5)
  A hound (D:5)
  An iguana (D:5)
  4 worker ants
  An orc wizard (D:4)
  11 adders
  5 river rats (Sewer)
  2 worms
  3 giant geckos
  An ooze (D:5)
  9 orcs
  5 bats
  2 bat skeletons
  5 giant cockroaches
  9 goblins
  9 hobgoblins
  10 kobolds
  A quokka (D:5)
  8 ball pythons
  6 giant newts
  9 jackals
  17 rats
133 creatures vanquished.

Notes
Turn   | Place    | Note
--------------------------------------------------------------
     0 | D:1      | DEFE, the Halfling Fighter, began the quest for the Orb.
     0 | D:1      | Reached XP level 1. HP: 15/15 MP: 1/1
    61 | D:1      | Reached XP level 2. HP: 18/20 MP: 2/2
   714 | D:2      | Reached XP level 3. HP: 22/25 MP: 3/3
   862 | D:2      | Found a burning altar of Makhleb.
   864 | D:2      | Reached skill level 4 in Shields
   980 | D:2      | Reached XP level 4. HP: 16/30 MP: 4/4
  1762 | D:3      | Reached XP level 5. HP: 12/36 MP: 5/5
  2883 | D:4      | Found a sparkling altar of Nemelex Xobeh.
  2883 | D:4      | Found an opulent altar of Gozag.
  3279 | D:4      | Reached XP level 6. HP: 42/42 MP: 6/6
  3304 | D:4      | Found a glowing drain.
  3308 | Sewer    | Entered a sewer
  4164 | D:4      | Reached skill level 5 in Shields
  4235 | D:4      | Reached XP level 7. HP: 43/46 MP: 7/7
  4455 | D:5      | Entered Level 5 of the Dungeon
  4797 | D:5      | Found an ancient bone altar of Kikubaaqudgha.
  4930 | D:5      | Reached skill level 5 in Long Blades
  4998 | D:4      | Gained mutation: Scrolls take you a little longer to read. [mutagenic glow]
  5244 | D:5      | Reached skill level 5 in Armour
  5244 | D:5      | Reached XP level 8. HP: 41/54 MP: 8/8
  5418 | D:5      | Found a deep blue altar of Sif Muna.
  5450 | D:5      | Lost mutation: Scrolls take you a little longer to read. [potion of cure mutation]
  5876 | D:5      | Reached skill level 6 in Long Blades
  6041 | D:5      | Found a snail-covered altar of Cheibriados.
  6296 | D:6      | Noticed hornqvist's ghost (experienced OgBe)
  6620 | D:5      | Slain by an orc warrior

Action                   |  1- 3 |  4- 6 |  7- 9 || total
-------------------------+-------+-------+-------++-------
Melee: Long sword        |    66 |   330 |   214 ||   610
Evoke: Wand              |       |       |     6 ||     6
  Use: Scroll            |       |    11 |     4 ||    15
       Potion            |       |     2 |     3 ||     5
 Stab: Invisible         |       |       |     4 ||     4
  Eat: Chunk             |       |    11 |     1 ||    12
       Pizza             |       |       |     1 ||     1
       Meat ration       |       |       |     1 ||     1
